 Dungeon Crawl Stone Soup version 0.29.1-13-g9f3cf754e1 (webtiles) character file.

Game seed: 14918346110778783258

1015 PrincessofGymnastics the Twirler (level 8, 0/60 HPs)
             Began as a Human Gladiator on Feb 3, 2023.
             Was a Priest of Ashenzari.
             Succumbed to a scorpion's poison
             ... on level 6 of the Dungeon.
             The game lasted 00:23:20 (4179 turns).

PrincessofGymnastics the Twirler (Human Gladiator)  Turns: 4179, Time: 00:23:22

Health: 0/60       AC: 12    Str: 14    XL:     8   Next: 45%
Magic:  8/8        EV:  7    Int: 11    God:    Ashenzari [***...]
Gold:   201        SH:  0    Dex: 18    Spells: 6/7 levels left

rFire   . . .      SeeInvis +   a - +0 quarterstaff of the Tethered Visionary {Bglg, Evo} (curse)
rCold   . . .      Faith    .   (shield currently unavailable)
rNeg    . . .      Spirit   .   n - +1 chain mail of the Omniscient Stars {Dex+3, Melee, Alch} (curse)
rPois   .          Reflect  .   e - +2 hat of the Chained Servitude {Will+, Bglg, Comp} (curse)
rElec   .          Harm     .   (no cloak)
rCorr   .          Rampage  .   (no gloves)
Will    +....      Clarity  +   (no boots)
Stlth   ..........              q - amulet of Ashenzari's Pleiades {Regen+, Bglg, Range} (curse)
HPRegen 1.00/turn               (no ring)
MPRegen 0.11/turn               (no ring)

@: lethally poisoned (0 -> -6)
A: passive freeze, MP-powered wands
a: Renounce Religion, Curse Item, Shatter the Chains


You were on level 6 of the Dungeon.
You worshipped Ashenzari.
Ashenzari was most pleased with you.
You visited 1 branch of the dungeon, and saw 7 of its levels.

You collected 331 gold pieces.
You spent 130 gold pieces at shops.

Inventory:

Hand Weapons
 a - the cursed +0 quarterstaff of the Tethered Visionary (weapon) {Bglg, Evo}

   It has a curse which improves the following skills: Beguiling: Conjurations,
   Hexes and Translocations.
   Evocations: Evocations.
Missiles
 c - 5 javelins (quivered)
 d - a throwing net
 h - 7 poisoned darts
 k - 11 atropa-tipped darts
 w - 3 boomerangs
Armour
 b - a +0 leather armour
 e - the cursed +2 hat of the Chained Servitude (worn) {Will+, Bglg, Comp}
   (You acquired it on level 5 of the Dungeon)

   Will:      It increases your willpower.
   It has a curse which improves the following skills: Beguiling: Conjurations,
   Hexes and Translocations.
   Companions: Summonings and Necromancy.
 n - the cursed +1 chain mail of the Omniscient Stars (worn) {Dex+3, Melee, Alch}
   (You found it on level 3 of the Dungeon)

   Dex:       It affects your dexterity (+3).
   It has a curse which improves the following skills: Melee Combat: Short
   Blades, Long Blades, Axes, Maces & Flails, Polearms, Staves and Unarmed
   Combat.
   Alchemy:   Poison Magic and Transmutations.
Jewellery
 q - the cursed amulet of Ashenzari's Pleiades (around neck) {Regen+, Bglg, Range}
   (You found it on level 3 of the Dungeon)

   [amulet of regeneration]

   Regen:     It increases your rate of health regeneration.
   It has a curse which improves the following skills: Beguiling: Conjurations,
   Hexes and Translocations.
   Ranged Combat: Ranged Weapons and Throwing.
 s - the amulet of Vampiric Thralls {Spirit Will+}
   (You found it on level 4 of the Dungeon)

   [amulet of guardian spirit]

   It causes incoming damage to be divided between your reserves of health and
   magic.
   Will:      It increases your willpower.
Wands
 l - a wand of digging (5)
Scrolls
 f - 3 scrolls of vulnerability
 j - 2 scrolls of amnesia
 m - a scroll of enchant armour
 p - a scroll of fog
 t - a scroll of poison
 v - a scroll of immolation
Potions
 i - a potion of brilliance
 o - a potion of attraction
 r - a potion of mutation
 u - a potion of magic


   Skills:
 * Level 3.7 Fighting
 * Level 2.1(5.1) Polearms
 * Level 6.0(7.8) Staves
 * Level 2.8(4.2) Throwing
 * Level 3.2 Armour
 * Level 3.9 Dodging
 * Level 3.0 Stealth
 + Level 0.1 Spellcasting
 * Level 1.7 Earth Magic
 * Level 1.5(2.7) Evocations


You had 6 spell levels left.
You knew the following spells:

 Your Spells              Type           Power      Damage    Failure   Level
a - Sandblast             Erth           6%         2d5       99%         1

Your spell library contained the following spells:

 Spells                   Type           Power      Damage    Failure   Level
 Slow                     Hex            4%         N/A       100%        1
 Passwall                 Tmut/Erth      1%         N/A       100%        2
 Confusing Touch          Hex            1%         N/A       100%        3
 Stone Arrow              Conj/Erth      4%         3d7       100%        3
 Vampiric Draining        Necr           0%         2d6       100%        3


Dungeon Overview and Level Annotations

Branches:
Dungeon (7/15)             Temple (0/1) D:4

Altars:
Ashenzari
Gozag
Hepliaklqana

Shops:
D:3 *


Innate Abilities, Weirdness & Mutations

A frigid envelope surrounds you and freezes all who hurt you.
You expend magic power (3 MP) to strengthen your wands.


Message History

An orc comes into view. It is wielding a +0 hand axe.
You feel sick.
The orc shouts! x2
An orc comes into view. It is wielding a +0 dagger.
You feel sick.
The orc shouts!
As you read the scroll of teleportation, it crumbles to dust.
You feel strangely unstable.
You feel sick.
A scorpion comes into view.
Found a stone staircase leading down.
You feel sick. The orc barely misses you.
The orc warrior hits you with a +0 broad axe.
The orc warrior is very cold.
The orc warrior is moderately wounded.
You sock the orc!
You kill the orc!
You feel sick. The orc hits you but does no damage.
The orc is very cold.
The orc is heavily wounded.
The orc warrior hits you with a +0 broad axe!
The orc warrior is very cold.
The orc warrior is heavily wounded.
The orc warrior attacks as you move away!
The orc warrior hits you with a +0 broad axe!
The orc warrior is very cold.
The orc warrior is severely wounded.
Found a book of Air.
You feel sick. The orc closely misses you.
Things that are here:
a +0 hand axe; an orc corpse
Found a scroll of identify.
You hear the slow hiss of an avalanche of sand very nearby.
You feel sick. The scorpion stings you.
You are more poisoned.
The scorpion poisons you!
The scorpion is very cold.
The scorpion is moderately wounded.
The orc warrior attacks as you move away!
The orc warrior hits you with a +0 broad axe!!
* * * LOW HITPOINT WARNING * * *
The orc warrior is very cold.
The orc warrior is almost dead.
Your surroundings suddenly seem different.
You die...

?.##.................#
#....#.......>.......# *
**#..#..........?....#
### #.$............#####
...##.#..........#.#
#...,##..<......#.#
#...##..#.........#
.,,#..#K...##......#####
.####...........@...[..#
....oKK..##.....))######
....oo.....###..))#
...s.......##..##)#
..!........##.# *... *
...........##. ##..#*
.......#....#. ** #..#
.......#.....,,, *#.#
......>#....., .#


There were no monsters in sight!

Vanquished Creatures
  A shadow (D:5)
  A black bear (D:5)
  2 ice beasts (D:5)
  An orc warrior (D:5)
  A kobold brigand (D:5)
  A necrophage (D:5)
  A scorpion (D:5)
  A howler monkey (D:5)
  A jelly (D:5)
  A hound (D:4)
  Jessica (D:3)
  A mummy (D:4)
  7 adders
  2 worms
  3 dart slugs
  7 orcs
  13 ball pythons
  7 endoplasms
  3 giant cockroaches
  10 hobgoblins
  7 jackals
  14 kobolds
  5 quokkas
  4 bats
  4 frilled lizards
  6 goblins
  A hobgoblin zombie (D:4)
  2 kobold zombies (D:4)
  An orc zombie (D:4)
  5 rats
114 creatures vanquished.

Vanquished Creatures (others)
  18 plants (D:5)
18 creatures vanquished.

Grand Total: 132 creatures vanquished

Notes
Turn   | Place    | Note
-------+----------+-------------------------------------------
     0 | D:1      | PrincessofGymnastics the Human Gladiator began the quest
                  | for the Orb.
     0 | D:1      | Reached XP level 1. HP: 16/16 MP: 1/1
   236 | D:1      | Reached XP level 2. HP: 22/22 MP: 2/2
   278 | D:2      | Found a faded altar of an unknown god.
   284 | D:2      | Prayed at the altar of an unknown god.
   284 | D:2      | Became a worshipper of Ashenzari the Shackled
   311 | D:2      | Reached * piety under Ashenzari
   335 | D:2      | Gained mutation: Your body sometimes deteriorates upon
                  | taking damage. [potion of mutation]
   335 | D:2      | Gained mutation: You are partially covered in iridescent
                  | scales. (AC +2) [potion of mutation]
   516 | D:2      | Reached XP level 3. HP: 26/27 MP: 3/3
   543 | D:2      | Reached skill level 1 in Stealth
   808 | D:2      | Reached XP level 4. HP: 34/34 MP: 4/4
  1196 | D:1      | Reached ** piety under Ashenzari
  1742 | D:3      | Learned a level 1 spell: Sandblast
  1763 | D:3      | Found Iptetemimy's Assorted Antiques.
  1770 | D:3      | Bought a forked glass wand for 104 gold pieces
  1770 | D:3      | Bought a scroll labelled POHUZI BIDUL for 26 gold pieces
  1771 | D:3      | Identified the +1 chain mail "Nidomure" {Dex+3}
  1921 | D:3      | Reached skill level 1 in Polearms
  2024 | D:3      | Noticed Jessica
  2030 | D:3      | Killed Jessica
  2031 | D:3      | Reached XP level 5. HP: 37/42 MP: 3/5
  2103 | D:4      | Reached skill level 1 in Armour
  2157 | D:4      | Lost mutation: You are partially covered in iridescent
                  | scales. (AC +2) [potion of mutation]
  2157 | D:4      | Lost mutation: Your body sometimes deteriorates upon taking
                  | damage. [potion of mutation]
  2157 | D:4      | Gained mutation: A frigid envelope surrounds you and
                  | freezes all who hurt you. [potion of mutation]
  2157 | D:4      | Gained mutation: You expend magic power (3 MP) to
                  | strengthen your wands. [potion of mutation]
  2211 | D:4      | Identified the amulet of Vampiric Thralls {Spirit Will+}
  2341 | D:4      | Found a staircase to the Ecumenical Temple.
  2376 | D:4      | Reached skill level 4 in Staves
  3075 | D:5      | Entered Level 5 of the Dungeon
  3090 | D:5      | Found an opulent altar of Gozag.
  3116 | D:5      | Reached XP level 6. HP: 46/48 MP: 6/6
  3125 | D:5      | Reached *** piety under Ashenzari
  3127 | D:5      | Noticed a black bear
  3132 | D:5      | Killed a black bear
  3139 | D:5      | Noticed an orc warrior
  3154 | D:5      | Reached XP level 7. HP: 14/55 MP: 7/7
  3221 | D:5      | Reached skill level 5 in Staves
  3249 | D:5      | Identified a scroll of acquirement
  3274 | D:5      | Acquired the +2 hat of Lies {Will+}
  3321 | D:5      | Reached skill level 1 in Earth Magic
  3594 | D:5      | Noticed a shadow
  3612 | D:5      | Killed a shadow
  3613 | D:5      | Reached skill level 1 in Evocations
  3623 | D:5      | Reached XP level 8. HP: 37/58 MP: 8/8
  4058 | D:5      | You fall into a shaft and drop 2 floors!
  4085 | D:7      | Found a hazy altar of Hepliaklqana.
  4154 | D:6      | Reached skill level 6 in Staves
  4179 | D:6      | HP: 2/60 [orc warrior/+0 broad axe (19)]
  4179 | D:6      | Succumbed to a scorpion's poison

Illustrated notes

Levels and vault maps discovered:
D:1:      ebering_hopf_link, layout_loops_ring, minivault_24,
          corexii_leaking_fountain
D:2:      layout_loops_ring, ebering_ecumenical_altar_webs
D:3:      layout_loops_corners, serial_shops, shop, uniq_jessica
D:4:      layout_basic, minmay_temple_entry_wispy, minmay_mini_ossuary
D:5:      layout_basic, grunt_gozag_statues, lexackson_kobold_supper
D:6:      layout_rooms, nemelex_spade_bored_becter,
          nicolae_ossuary_entry_monument
D:7:      layout_basic, mainiacjoe_overflow_surrounded_room

Skill      XL: |  1  2  3  4  5  6  7  8 |
---------------+-------------------------+-----
Stealth        | 1 2 3 |  3.0
Polearms       | 1 2 |  2.1
Armour         | 2 3 |  3.2
Staves         | 4 5 6 |  6.0
Fighting       | 3 |  3.7
Earth Magic    | 1 |  1.7
Evocations     | 1 |  1.5
Throwing       | |  2.8
Dodging        | |  3.9
Spellcasting   | |  0.1

Action                   |  1- 3 |  4- 6 |  7- 9 || total
-------------------------+-------+-------+-------++-------
Melee: Quarterstaff      |    55 |    95 |    91 ||   241
Throw: Dart              |    14 |       |       ||    14
       Javelin           |     1 |    15 |       ||    16
       Throwing net      |     1 |       |     2 ||     3
Invok: Curse Item        |     1 |     3 |     1 ||     5
       Shatter the Chain |       |       |     1 ||     1
  Use: Potion            |     1 |     4 |     2 ||     7
       Scroll            |     1 |     1 |     4 ||     6
 Stab: Sleeping          |     1 |     1 |       ||     2
       Held in net/web   |       |       |     1 ||     1
Armor: Leather armour    |    31 |     9 |       ||    40
       Chain mail        |       |    42 |    52 ||    94
       Skin              |       |       |     8 ||     8
Dodge: Dodged            |    48 |    45 |    30 ||   123
